 Dungeon Crawl Stone Soup version 0.22-a0-305-gd21a89c (webtiles) character file.

2315 vishdafish the Shield-Bearer (level 9, -3/74 HPs)
             Began as a Gnoll Fighter on Mar 29, 2018.
             Was an Initiate of the Shining One.
             Slain by a swamp worm (18 damage)
             ... on level 8 of the Dungeon on Mar 30, 2018.
             The game lasted 00:08:33 (6704 turns).

vishdafish the Shield-Bearer (Gnoll Fighter)        Turns: 6704, Time: 00:08:33

Health: -3/74      AC: 10    Str: 21    XL:     9   Next: 41%
Magic:  15/15      EV: 11    Int: 18    God:    the Shining One [......]
Gold:   329        SH: 11    Dex: 15    Spells: 16/16 levels left

rFire    x . .     SeeInvis .   d - +6 mace "Luhessah" {flame, rF- Str+2 Int+5}
rCold    . . .     Gourm    .   c - +0 shield
rNeg     . . .     Faith    .   b - +0 scale mail
rPois    .         Spirit   .   i - +1 helmet
rElec    .         Reflect  .   (no cloak)
rCorr    .         Harm     .   (no gloves)
MR       .....                  (no boots)
Stlth    +.........             (no amulet)
HPRegen  0.22/turn              (no ring)
MPRegen  0.14/turn              (no ring)

@: about to teleport, glowing
A: distributed training, fangs 1, strong nose
a: Renounce Religion


You were on level 8 of the Dungeon.
You worshipped the Shining One.
The Shining One was noncommittal.
You were hungry.

You visited 2 branches of the dungeon, and saw 9 of its levels.

You collected 329 gold pieces.

Inventory:

Hand Weapons
 a - a +0 long sword
 d - the +6 mace "Luhessah" (weapon) {flame, rF- Str+2 Int+5}
   (You took it off an orc on level 5 of the Dungeon)

   It has been specially enchanted to burn those struck by it, causing extra
   injury to most foes and up to half again as much damage against particularly
   susceptible opponents.
   It affects your strength (+2).
   It affects your intelligence (+5).
   It makes you vulnerable to fire.
 p - a +0 dagger of protection
Missiles
 m - 4 javelins of returning (quivered)
 s - 23 bolts
Armour
 b - a +0 scale mail (worn)
 c - a +0 shield (worn)
 i - a +1 helmet (worn)
 u - a +1 leather armour of magic resistance
Wands
 y - a wand of polymorph (19)
 z - a wand of iceblast (7)
 B - a wand of paralysis (7)
Scrolls
 e - 6 scrolls of identify {unknown}
 g - a scroll of noise {unknown}
 j - 2 scrolls of amnesia {unknown}
 k - 3 scrolls of teleportation
 l - 2 scrolls of magic mapping {unknown}
 o - a scroll of immolation {unknown}
 r - a scroll of fog {unknown}
 t - a scroll of remove curse {unknown}
 v - a scroll of enchant armour {unknown}
 A - a scroll of holy word {unknown}
Potions
 h - a potion of curing
 n - a potion of degeneration {unknown}
 q - 2 potions of lignification {unknown}
 w - a potion of haste
 x - a potion of ambrosia {unknown}
 C - a potion of agility {unknown}
Comestibles
 f - 5 rations


   Skills:
 + Level 7.8 Fighting
 + Level 4.1 Short Blades
 + Level 6.2 Long Blades
 + Level 4.1 Axes
 + Level 4.1 Maces & Flails
 + Level 4.1 Polearms
 + Level 4.1 Staves
 + Level 4.1 Slings
 + Level 4.1 Bows
 + Level 4.1 Crossbows
 + Level 4.1 Throwing
 + Level 7.8 Armour
 + Level 4.1 Dodging
 + Level 4.1 Stealth
 + Level 7.8 Shields
 + Level 4.1 Unarmed Combat
 + Level 4.1 Spellcasting
 + Level 3.4 Conjurations
 + Level 3.4 Hexes
 + Level 3.4 Charms
 + Level 3.4 Summonings
 + Level 3.4 Necromancy
 + Level 3.4 Translocations
 + Level 3.4 Transmutations
 + Level 3.4 Fire Magic
 + Level 3.4 Ice Magic
 + Level 3.4 Air Magic
 + Level 3.4 Earth Magic
 + Level 3.4 Poison Magic
 + Level 4.5 Invocations
 + Level 4.1 Evocations


You had 16 spell levels left.
You didn't know any spells.

Dungeon Overview and Level Annotations

Branches:
Dungeon (8/15)             Temple (1/1) D:6
   Lair: D:8-11

Altars:
Cheibriados
Elyvilon
Gozag
Nemelex Xobeh
Okawaru
Qazlal
Ru
Sif Muna
Uskayaw
Yredelemnul
The Shining One


Innate Abilities, Weirdness & Mutations

Your experience applies equally to all skills.
You have very sharp teeth.
Your uncanny sense of smell can sniff out nearby items.


Message History

You are too injured to fight recklessly!
You are too injured to fight recklessly!
You are too injured to fight recklessly!
You are too injured to fight recklessly!
You are too injured to fight recklessly!
You are too injured to fight recklessly!
You are too injured to fight recklessly!
You are too injured to fight recklessly!
You are too injured to fight recklessly!
You are too injured to fight recklessly!
You are too injured to fight recklessly!
You are too injured to fight recklessly!
Unknown command.
As you read the scroll of teleportation, it crumbles to dust.
You feel strangely unstable. The swamp worm barely misses you.
The swamp worm bites you!
* * * LOW HITPOINT WARNING * * *
Okay, then.
You feel better. The swamp worm barely misses you. The swamp worm bites you!!
You die...

. #. #.#.#
..###.##.#.###
.............# ∆
.............#
#...........#
#...........#
#....†.5....# ≈#
####.##w#o####≈≈P#w
# #@#.....≈≈Pww
##.##.w..###≈≈P#w
.........)..≈≈≈#
...#....####≈≈≈
...#..<......# ..
#.######### ... #..
... ###


You could see 2 swamp worms and a crimson imp.

Vanquished Creatures
  Grinder (D:4)
  A hungry ghost (D:7)
  Menkaure (D:4)
  2 orc warriors (D:6)
  2 ice beasts
  A phantom (D:4)
  A sky beast (D:7)
  2 necrophages
  An ogre (D:8)
  3 bullfrogs (D:6)
  3 howler monkeys (D:8)
  A crimson imp (D:5)
  2 bullfrog zombies
  5 orc priests
  2 hounds
  A jelly (D:7)
  7 orc wizards
  2 worker ants
  A howler monkey zombie (D:6)
  7 adders
  An ooze (D:3)
  2 worms (D:3)
  A dart slug (D:2)
  3 leopard geckos
  24 orcs
  A ball python (D:1)
  2 giant cockroaches
  8 goblins
  3 hobgoblins
  15 jackals
  9 kobolds
  4 bats
  7 frilled lizards
  A quokka zombie (D:5)
  7 rats
134 creatures vanquished.

Vanquished Creatures (others)
  3 plants (D:8)
3 creatures vanquished.

Grand Total: 137 creatures vanquished

Notes
Turn   | Place    | Note
-------+----------+-------------------------------------------
     0 | D:1      | vishdafish the Gnoll Fighter began the quest for the Orb.
     0 | D:1      | Reached XP level 1. HP: 23/23 MP: 1/1
   162 | D:1      | Reached XP level 2. HP: 29/29 MP: 2/2
   659 | D:2      | Reached XP level 3. HP: 34/35 MP: 3/3
   753 | D:2      | Reached skill level 1 in Invocations
   769 | D:2      | Reached skill level 1 in Short Blades
   769 | D:2      | Reached skill level 1 in Axes
   769 | D:2      | Reached skill level 1 in Maces & Flails
   769 | D:2      | Reached skill level 1 in Polearms
   769 | D:2      | Reached skill level 1 in Staves
   769 | D:2      | Reached skill level 1 in Slings
   769 | D:2      | Reached skill level 1 in Bows
   769 | D:2      | Reached skill level 1 in Crossbows
   769 | D:2      | Reached skill level 1 in Throwing
   769 | D:2      | Reached skill level 1 in Dodging
   769 | D:2      | Reached skill level 1 in Stealth
   769 | D:2      | Reached skill level 1 in Unarmed Combat
   769 | D:2      | Reached skill level 1 in Spellcasting
   769 | D:2      | Reached skill level 1 in Evocations
   769 | D:2      | Reached XP level 4. HP: 41/41 MP: 5/5
  1081 | D:3      | Reached skill level 1 in Conjurations
  1081 | D:3      | Reached skill level 1 in Hexes
  1081 | D:3      | Reached skill level 1 in Charms
  1081 | D:3      | Reached skill level 1 in Summonings
  1081 | D:3      | Reached skill level 1 in Necromancy
  1081 | D:3      | Reached skill level 1 in Translocations
  1081 | D:3      | Reached skill level 1 in Transmutations
  1081 | D:3      | Reached skill level 1 in Fire Magic
  1081 | D:3      | Reached skill level 1 in Ice Magic
  1081 | D:3      | Reached skill level 1 in Air Magic
  1081 | D:3      | Reached skill level 1 in Earth Magic
  1081 | D:3      | Reached skill level 1 in Poison Magic
  1494 | D:3      | Reached XP level 5. HP: 43/47 MP: 6/6
  2778 | D:4      | Noticed Grinder
  2956 | D:4      | Paralysed by Grinder for 7 turns
  2968 | D:4      | Killed Grinder
  2968 | D:4      | Reached skill level 5 in Long Blades
  2968 | D:4      | Reached XP level 6. HP: 40/53 MP: 7/9
  3075 | D:4      | Noticed a phantom
  3109 | D:4      | Killed a phantom
  3109 | D:4      | Reached XP level 7. HP: 51/59 MP: 10/10
  3477 | D:4      | Noticed Menkaure
  3488 | D:4      | Killed Menkaure
  3780 | D:5      | Entered Level 5 of the Dungeon
  4009 | D:5      | Reached XP level 8. HP: 65/67 MP: 12/12
  4014 | D:5      | Got a dazzling mace {flame}
  4015 | D:5      | Identified the +6 mace "Luhessah" {flame, rF- Str+2 Int+5} (You took it off an orc on level 5 of the Dungeon)
  5477 | D:6      | Found a staircase to the Ecumenical Temple.
  5564 | Temple   | Entered the Ecumenical Temple
  5605 | Temple   | Became a worshipper of the Shining One
  5931 | D:7      | Reached XP level 9. HP: 72/72 MP: 14/14
  6704 | D:8      | Slain by a swamp worm

Vault maps used:
D:1:      dpeg_arrival_simpleton_c
D:3:      first_ration
D:4:      kennysheep_path_1, uniq_menkaure, uniq_grinder
D:5:      kennysheep_dice
D:6:      minmay_temple_entry_enclosed_plants
D:7:      grunt_ministairs_1
D:8:      wad_crossroads, grunt_ogre_cave, worms_lemuel
Temple:   regret_index_temple_sigil_plot

Skill      XL: |  1  2  3  4  5  6  7  8  9 |
---------------+----------------------------+-----
Invocations    | 1 2 3 4 |  4.5
Short Blades   | 1 2 3 4 |  4.1
Axes           | 1 2 3 4 |  4.1
Maces & Flails | 1 2 3 4 |  4.1
Polearms       | 1 2 3 4 |  4.1
Staves         | 1 2 3 4 |  4.1
Slings         | 1 2 3 4 |  4.1
Bows           | 1 2 3 4 |  4.1
Crossbows      | 1 2 3 4 |  4.1
Throwing       | 1 2 3 4 |  4.1
Dodging        | 1 2 3 4 |  4.1
Stealth        | 1 2 3 4 |  4.1
Unarmed Combat | 1 2 3 4 |  4.1
Spellcasting   | 1 2 3 4 |  4.1
Evocations     | 1 2 3 4 |  4.1
Conjurations   | 1 2 3 |  3.4
Hexes          | 1 2 3 |  3.4
Charms         | 1 2 3 |  3.4
Summonings     | 1 2 3 |  3.4
Necromancy     | 1 2 3 |  3.4
Translocations | 1 2 3 |  3.4
Transmutations | 1 2 3 |  3.4
Fire Magic     | 1 2 3 |  3.4
Ice Magic      | 1 2 3 |  3.4
Air Magic      | 1 2 3 |  3.4
Earth Magic    | 1 2 3 |  3.4
Poison Magic   | 1 2 3 |  3.4
Long Blades    | 5 6 |  6.2
Fighting       | 7 |  7.8
Armour         | 7 |  7.8
Shields        | 7 |  7.8

Action                   |  1- 3 |  4- 6 |  7- 9 || total
-------------------------+-------+-------+-------++-------
Melee: Long sword        |    85 |    68 |    82 ||   235
       Bite              |     6 |    38 |    35 ||    79
       Dagger            |       |   175 |       ||   175
       Mace              |       |       |   147 ||   147
Throw: Javelin           |       |       |     3 ||     3
  Use: Potion            |       |     6 |     4 ||    10
       Scroll            |       |     1 |     1 ||     2
  Eat: Chunk             |       |     4 |     3 ||     7
       Ration            |       |     1 |     3 ||     4
Armor: Scale mail        |    32 |   131 |    99 ||   262
Dodge: Dodged            |    24 |    84 |    96 ||   204
Block: Shield            |    53 |   175 |   149 ||   377
       Rpst.: Long sword |    11 |     9 |    15 ||    35

Table legend:
 A = Spawn XP
 B = Non-spawn XP
 C = Spawn XP percentage of total XP
 D = Spawn monster count
 E = Non-spawn monster count
 F = Spawn count percentage of total count
 G = Total turns spent on level
                    A         B        C        D         E        F      G
               +---------+---------+-------+---------+---------+-------+---------
         Total |       0 |    3308 |   0.0 |       0 |     134 |   0.0 |  6704
               +---------+---------+-------+---------+---------+-------+---------
           D:1 |       0 |      24 |   0.0 |       0 |      15 |   0.0 |   561
           D:2 |       0 |      73 |   0.0 |       0 |      23 |   0.0 |   504
           D:3 |       0 |     104 |   0.0 |       0 |      29 |   0.0 |  1541
           D:4 |       0 |     769 |   0.0 |       0 |      20 |   0.0 |  1174
           D:5 |       0 |     341 |   0.0 |       0 |      15 |   0.0 |   896
           D:6 |       0 |    1090 |   0.0 |       0 |      18 |   0.0 |  1631
           D:7 |       0 |     504 |   0.0 |       0 |       9 |   0.0 |   298
           D:8 |       0 |     403 |   0.0 |       0 |       5 |   0.0 |    33
               +---------+---------+-------+---------+---------+-------+---------
